%YAML 1.1
%TAG !u! tag:unity3d.com,2011:
--- !u!64 &8297759523126050098
MeshCollider:
  m_ObjectHideFlags: 0
  m_CorrespondingSourceObject: {fileID: 0}
  m_PrefabInstance: {fileID: 0}
  m_PrefabAsset: {fileID: 0}
  m_GameObject: {fileID: 174288413108582670}
  m_Material: {fileID: 0}
  m_IsTrigger: 0
  m_Enabled: 1
  serializedVersion: 4
  m_Convex: 1
  m_CookingOptions: 30
  m_Mesh: {fileID: -2432090755550338912, guid: 969b7659afda6b9409912fa93c115d5c, type: 3}
--- !u!1 &528887367073833044
GameObject:
  m_ObjectHideFlags: 0
  m_CorrespondingSourceObject: {fileID: 0}
  m_PrefabInstance: {fileID: 0}
  m_PrefabAsset: {fileID: 0}
  serializedVersion: 6
  m_Component:
  - component: {fileID: 3060695127714940917}
  - component: {fileID: 3257101974588107535}
  m_Layer: 0
  m_Name: WrongPills
  m_TagString: Untagged
  m_Icon: {fileID: 0}
  m_NavMeshLayer: 0
  m_StaticEditorFlags: 0
  m_IsActive: 1
--- !u!4 &3060695127714940917
Transform:
  m_ObjectHideFlags: 0
  m_CorrespondingSourceObject: {fileID: 0}
  m_PrefabInstance: {fileID: 0}
  m_PrefabAsset: {fileID: 0}
  m_GameObject: {fileID: 528887367073833044}
  m_LocalRotation: {x: 0, y: 0, z: 0, w: 1}
  m_LocalPosition: {x: -3.35, y: 3.91, z: -2.37}
  m_LocalScale: {x: 1, y: 1, z: 1}
  m_Children:
  - {fileID: 8407421364241079149}
  - {fileID: 5657692560413502353}
  m_Father: {fileID: 0}
  m_RootOrder: 0
  m_LocalEulerAnglesHint: {x: 0, y: 0, z: 0}
--- !u!54 &3257101974588107535
Rigidbody:
  m_ObjectHideFlags: 0
  m_CorrespondingSourceObject: {fileID: 0}
  m_PrefabInstance: {fileID: 0}
  m_PrefabAsset: {fileID: 0}
  m_GameObject: {fileID: 528887367073833044}
  serializedVersion: 2
  m_Mass: 1
  m_Drag: 0
  m_AngularDrag: 0.05
  m_UseGravity: 1
  m_IsKinematic: 0
  m_Interpolate: 0
  m_Constraints: 0
  m_CollisionDetection: 0
--- !u!1 &5111569900827737663
GameObject:
  m_ObjectHideFlags: 0
  m_CorrespondingSourceObject: {fileID: 0}
  m_PrefabInstance: {fileID: 0}
  m_PrefabAsset: {fileID: 0}
  serializedVersion: 6
  m_Component:
  - component: {fileID: 5657692560413502353}
  - component: {fileID: 6235873411190837948}
  - component: {fileID: 9040403368188495723}
  - component: {fileID: 2287412143425254592}
  m_Layer: 0
  m_Name: Trigger
  m_TagString: Untagged
  m_Icon: {fileID: 0}
  m_NavMeshLayer: 0
  m_StaticEditorFlags: 0
  m_IsActive: 1
--- !u!4 &5657692560413502353
Transform:
  m_ObjectHideFlags: 0
  m_CorrespondingSourceObject: {fileID: 0}
  m_PrefabInstance: {fileID: 0}
  m_PrefabAsset: {fileID: 0}
  m_GameObject: {fileID: 5111569900827737663}
  m_LocalRotation: {x: 0, y: 0, z: 0, w: 1}
  m_LocalPosition: {x: 0, y: 0, z: 0}
  m_LocalScale: {x: 1, y: 1, z: 1}
  m_Children: []
  m_Father: {fileID: 3060695127714940917}
  m_RootOrder: 1
  m_LocalEulerAnglesHint: {x: 0, y: 0, z: 0}
--- !u!135 &6235873411190837948
SphereCollider:
  m_ObjectHideFlags: 0
  m_CorrespondingSourceObject: {fileID: 0}
  m_PrefabInstance: {fileID: 0}
  m_PrefabAsset: {fileID: 0}
  m_GameObject: {fileID: 5111569900827737663}
  m_Material: {fileID: 0}
  m_IsTrigger: 1
  m_Enabled: 1
  serializedVersion: 2
  m_Radius: 2.5
  m_Center: {x: 0, y: 0, z: 0}
--- !u!114 &9040403368188495723
MonoBehaviour:
  m_ObjectHideFlags: 0
  m_CorrespondingSourceObject: {fileID: 0}
  m_PrefabInstance: {fileID: 0}
  m_PrefabAsset: {fileID: 0}
  m_GameObject: {fileID: 5111569900827737663}
  m_Enabled: 1
  m_EditorHideFlags: 0
  m_Script: {fileID: 11500000, guid: 21c844d674cf4e4a90f70c9e36cb6564, type: 3}
  m_Name: 
  m_EditorClassIdentifier: 
  hotkeyUsed: 1
  autoUsed: 0
  autoUseActivationTime: 0.5
  interactAudio: {fileID: 8300000, guid: a5046659cc15acd45ab1f58f7f6b15b8, type: 3}
  showTooltip: 0
  tipPosition: {x: 0, y: 1, z: 0}
  parent: {fileID: 528887367073833044}
  rb: {fileID: 0}
--- !u!114 &2287412143425254592
MonoBehaviour:
  m_ObjectHideFlags: 0
  m_CorrespondingSourceObject: {fileID: 0}
  m_PrefabInstance: {fileID: 0}
  m_PrefabAsset: {fileID: 0}
  m_GameObject: {fileID: 5111569900827737663}
  m_Enabled: 1
  m_EditorHideFlags: 0
  m_Script: {fileID: 11500000, guid: f50c68aa2e8d45dda594842b3dd408d1, type: 3}
  m_Name: 
  m_EditorClassIdentifier: 
  hotkeyUsed: 0
  autoUsed: 0
  autoUseActivationTime: 0
  interactAudio: {fileID: 8300000, guid: a5046659cc15acd45ab1f58f7f6b15b8, type: 3}
  showTooltip: 0
  tipPosition: {x: 0, y: 1, z: 0}
  commentHotkey: 1
  dialogueName: Dialoge_Pills
  disableAfterInteract: 0
  destroyAfterInteract: 0
  parent: {fileID: 0}
--- !u!1001 &8297759523706502278
PrefabInstance:
  m_ObjectHideFlags: 0
  serializedVersion: 2
  m_Modification:
    m_TransformParent: {fileID: 3060695127714940917}
    m_Modifications:
    - target: {fileID: -8679921383154817045, guid: 969b7659afda6b9409912fa93c115d5c, type: 3}
      propertyPath: m_RootOrder
      value: 0
      objectReference: {fileID: 0}
    - target: {fileID: -8679921383154817045, guid: 969b7659afda6b9409912fa93c115d5c, type: 3}
      propertyPath: m_LocalPosition.x
      value: 0
      objectReference: {fileID: 0}
    - target: {fileID: -8679921383154817045, guid: 969b7659afda6b9409912fa93c115d5c, type: 3}
      propertyPath: m_LocalPosition.y
      value: 0
      objectReference: {fileID: 0}
    - target: {fileID: -8679921383154817045, guid: 969b7659afda6b9409912fa93c115d5c, type: 3}
      propertyPath: m_LocalPosition.z
      value: 0
      objectReference: {fileID: 0}
    - target: {fileID: -8679921383154817045, guid: 969b7659afda6b9409912fa93c115d5c, type: 3}
      propertyPath: m_LocalRotation.w
      value: 1
      objectReference: {fileID: 0}
    - target: {fileID: -8679921383154817045, guid: 969b7659afda6b9409912fa93c115d5c, type: 3}
      propertyPath: m_LocalRotation.x
      value: -0
      objectReference: {fileID: 0}
    - target: {fileID: -8679921383154817045, guid: 969b7659afda6b9409912fa93c115d5c, type: 3}
      propertyPath: m_LocalRotation.y
      value: -0
      objectReference: {fileID: 0}
    - target: {fileID: -8679921383154817045, guid: 969b7659afda6b9409912fa93c115d5c, type: 3}
      propertyPath: m_LocalRotation.z
      value: -0
      objectReference: {fileID: 0}
    - target: {fileID: -8679921383154817045, guid: 969b7659afda6b9409912fa93c115d5c, type: 3}
      propertyPath: m_LocalEulerAnglesHint.x
      value: 0
      objectReference: {fileID: 0}
    - target: {fileID: -8679921383154817045, guid: 969b7659afda6b9409912fa93c115d5c, type: 3}
      propertyPath: m_LocalEulerAnglesHint.y
      value: 0
      objectReference: {fileID: 0}
    - target: {fileID: -8679921383154817045, guid: 969b7659afda6b9409912fa93c115d5c, type: 3}
      propertyPath: m_LocalEulerAnglesHint.z
      value: 0
      objectReference: {fileID: 0}
    - target: {fileID: 919132149155446097, guid: 969b7659afda6b9409912fa93c115d5c, type: 3}
      propertyPath: m_Name
      value: pillsWrong
      objectReference: {fileID: 0}
    m_RemovedComponents: []
  m_SourcePrefab: {fileID: 100100000, guid: 969b7659afda6b9409912fa93c115d5c, type: 3}
--- !u!4 &8407421364241079149 stripped
Transform:
  m_CorrespondingSourceObject: {fileID: -8679921383154817045, guid: 969b7659afda6b9409912fa93c115d5c, type: 3}
  m_PrefabInstance: {fileID: 8297759523706502278}
  m_PrefabAsset: {fileID: 0}
--- !u!1 &174288413108582670 stripped
GameObject:
  m_CorrespondingSourceObject: {fileID: 8164078558771037576, guid: 969b7659afda6b9409912fa93c115d5c, type: 3}
  m_PrefabInstance: {fileID: 8297759523706502278}
  m_PrefabAsset: {fileID: 0}
